 Dungeon Crawl Stone Soup version 0.30-a0-360-g447f08457e (webtiles) character file.

Game seed: 263870166775505315

340 porpoise the Sneak (level 6, -14/39 HPs)
             Began as a Gargoyle Delver on Nov 14, 2022.
             Was an Initiate of Okawaru.
             Demolished by an ogre
             ... wielding a +0 giant spiked club
              (30 damage)
             ... on level 5 of the Dungeon.
             The game lasted 00:16:00 (3820 turns).

porpoise the Sneak (Gargoyle Delver)                Turns: 3820, Time: 00:16:01

Health: -14/39     AC: 14    Str: 15    XL:     6   Next: 56%
Magic:  6/6        EV: 10    Int: 11    God:    Okawaru [......]
Gold:   228        SH:  0    Dex: 13    Spells: 5/5 levels left

rFire   . . .      SeeInvis .    a - +0 flail
rCold   . . .      Faith    .    (no shield)
rNeg    + . .      Spirit   .    m - +0 ring mail
rPois   ∞          Reflect  .    (no helmet)
rElec   +          Harm     .    f - +1 cloak
rCorr   .          Rampage  .    r - +2 pair of gloves
Will    .....                    (no boots)
Stlth   +++.......               (no amulet)
HPRegen 0.26/turn                (no ring)
MPRegen 0.10/turn                (no ring)

@: no status effects
A: sickness immunity, AC +4, negative energy resistance 1, electricity
resistance, torment resistance 1, petrification resistance
a: Renounce Religion


You were on level 5 of the Dungeon.
You worshipped Okawaru.
Okawaru was noncommittal.
You visited 2 branches of the dungeon, and saw 6 of its levels.

You collected 228 gold pieces.

Inventory:

Hand Weapons
 a - a +0 flail (weapon)
 b - a +0 sling
 k - a +2 dagger of holy wrath
 w - a +2 vampiric whip
 y - the +2 falchion "Siponaj" {drain, Str+5}
   (You found it on level 3 of the Dungeon)

   A truly terrible weapon, it drains the life of any living foe it strikes.
   Str:       It affects your strength (+5).
Missiles
 d - 2 poisoned darts (quivered)
 h - 3 atropa-tipped darts
 t - a throwing net
 u - 6 boomerangs
Armour
 f - a +1 cloak (worn)
 m - a +0 ring mail (worn)
 r - a +2 pair of gloves (worn)
 z - a scarf of invisibility
Jewellery
 x - a ring of ice
Wands
 g - a wand of digging (3)
Scrolls
 c - 4 scrolls of fog
 e - a scroll of fear
 i - a scroll of vulnerability
 n - a scroll of blinking
 q - a scroll of teleportation
 v - 2 scrolls of identify
Potions
 j - 4 potions of heal wounds
 l - a potion of cancellation
 o - 3 potions of curing
 p - a potion of lignification
 s - a potion of ambrosia


   Skills:
 + Level 4.7 Fighting
 * Level 5.0 Maces & Flails
 - Level 1.6 Dodging
 + Level 6.7 Stealth


You had 5 spell levels left.
You didn't know any spells.
Your spell library contained the following spells:

 Spells                   Type           Power      Damage    Failure   Level
 Foxfire                  Conj/Fire      0%         2x1d4     56%         1
 Magic Dart               Conj           0%         1d3       56%         1
 Slow                     Hex            0%         N/A       56%         1
 Searing Ray              Conj           0%         2d4       71%         2
 Confusing Touch          Hex            0%         N/A       91%         3
 Gell's Gravitas          Tloc           0%         N/A       91%         3
 Lesser Beckoning         Tloc           0%         N/A       91%         3
 Portal Projectile        Hex/Tloc       0%         N/A       91%         3
 Teleport Other           Tloc           0%         N/A       91%         3
 Vampiric Draining        Necr           0%         2d6       91%         3
 Fulminant Prism          Conj/Hex       0%         3d5       100%        4
 Iskenderun's Mystic Bla  Conj/Tloc      0%         2d3       100%        4
 Blade Hands              Tmut           0%         N/A       100%        5
 Fireball                 Conj/Fire      0%         3d3       100%        5
 Freezing Cloud           Conj/Ice/Air   0%         6-21      100%        5
 Starburst                Conj/Fire      0%         6d3       100%        6
 Tukima's Dance           Hex            Unusable   N/A       N/A         3

Dungeon Overview and Level Annotations

Branches:
Dungeon (5/15)             Temple (1/1) D:4

Altars:
Ashenzari
Cheibriados
Dithmenos
Elyvilon
Fedhas
Gozag
Hepliaklqana
Makhleb
Nemelex Xobeh
Okawaru
Qazlal
Ru
Trog
Vehumet
Wu Jian
Xom
Yredelemnul
Zin
The Shining One

Shops:
D:3 !


Innate Abilities, Weirdness & Mutations

You are immune to sickness and miasma.
Your stone body is resilient. (AC +4)
You are immune to poison.
You resist negative energy. (rN+)
You are resistant to electric shocks. (rElec)
You are resistant to unholy torment.
You are immune to petrification.


Message History

There is a shaft here.
d - 4 poisoned darts An ogre comes into view.
It is wielding a +0 giant spiked club.
Throw: 4 darts (atropa)
Press: ? - help, Q - select action, (/) - cycle Shift-Dir - straight line, f - ogre
Aim: an ogre, wielding a +0 giant spiked club (asleep, 98% to hit, chance to blind on hit: 63%)
You throw an atropa-tipped dart. The atropa-tipped dart hits the ogre.
The ogre appears confused.
The ogre shouts!
The ogre seems less confused.
Throw: 4 darts (poison)
Press: ? - help, Q - select action, (/) - cycle Shift-Dir - straight line, f/p - ogre
Aim: an ogre, wielding a +0 giant spiked club (wandering, blind, hasn't noticed you, 74% to hit)
You throw a poisoned dart. The poisoned dart hits the ogre.
The ogre is poisoned.
Throw: 3 darts (poison)
Press: ? - help, Q - select action, (/) - cycle Shift-Dir - straight line, f/p - ogre
Aim: an ogre, wielding a +0 giant spiked club (wandering, blind, poisoned, hasn't noticed you, 74% to hit)
You throw a poisoned dart. The poisoned dart hits the ogre.
The ogre looks even sicker.
The ogre is no longer blind.
The ogre closely misses you.
You hit the ogre.
The ogre is lightly wounded.
The ogre closely misses you.
You hit the ogre but do no damage.
The ogre is lightly wounded.
The ogre hits you with a +0 giant spiked club!!
Ouch! That really hurt!
You are too injured to fight recklessly!
Unknown command.
You hit the ogre. You punch the ogre, but do no damage.
The ogre is moderately wounded.
You hit the ogre.
The ogre is heavily wounded.
The ogre misses you.
You hit the ogre.
The ogre is severely wounded.
The ogre hits you with a +0 giant spiked club!!
Ouch! That really hurt!
You die...

*,,* *,,* **,,,,,,,,,*
*,,* #.#* **,,,,**,,,
*,,* #.# **,>,****, *,,*
#(# **,,,* ** *,,** #(#
*,,,** * *,,.##* #.##
**,,,** ###
*,,...#####..# ***,,**
#.###*,,.....#..O##
**,,,
##..##****#....@..#####*
**,, ##..##
##...........** *,,
#...#
##...#####..,******,,
##..## #..##
***,,,**,,,, ##..##
#..## *,,,,,,*** ##..##
#...######*,,,**** ###
##..####.........,,***
#.##
##...##.........,,,*
##.##
##.....########*,,* *


You could see an ogre (poisoned).

Vanquished Creatures
  An orc priest (D:4)
  Crazy Yiuf (D:2)
  An iguana (D:4)
  2 orc wizards
  3 gnolls (D:2)
  11 adders
  A worm (D:2)
  A dart slug (D:1)
  11 orcs
  3 bats
  6 endoplasms
  4 giant cockroaches
  3 hobgoblins
  A quokka (D:1)
  6 ball pythons
  2 frilled lizards
  7 goblins
  5 kobolds
  8 rats
77 creatures vanquished.

Vanquished Creatures (others)
  A plant (D:4)
1 creature vanquished.

Grand Total: 78 creatures vanquished

Notes
Turn   | Place    | Note
-------+----------+-------------------------------------------
     0 | D:5      | porpoise the Gargoyle Delver began the quest for the Orb.
     0 | D:5      | Reached XP level 1. HP: 14/14 MP: 1/1
    57 | D:4      | Found a staircase to the Ecumenical Temple.
    71 | Temple   | Entered the Ecumenical Temple
   277 | D:4      | Found a bloodstained altar of Trog.
   285 | D:4      | Noticed an iguana
   301 | D:4      | Killed an iguana
   302 | D:4      | Reached XP level 2. HP: 3/20 MP: 2/2
   302 | D:4      | Reached XP level 3. HP: 4/24 MP: 3/3
   611 | D:3      | Reached XP level 4. HP: 29/29 MP: 4/4
   663 | D:3      | Reached skill level 6 in Stealth
   725 | D:3      | Identified the +2 falchion "Siponaj" {drain, Str+5}
   919 | D:1      | Found a faded altar of an unknown god.
  1730 | D:2      | Reached XP level 5. HP: 33/33 MP: 5/5
  1827 | D:2      | Found a runed translucent door.
  1828 | D:2      | Noticed Crazy Yiuf
  1838 | D:2      | Killed Crazy Yiuf
  2115 | D:2      | Got Vehumet's Precepts of Striking
  2834 | D:3      | Reached XP level 6. HP: 35/39 MP: 6/6
  2928 | D:3      | Found Cimnos's Distillery.
  3449 | D:4      | Found an iron altar of Okawaru.
  3474 | D:4      | Reached skill level 5 in Maces & Flails
  3486 | D:4      | Became a worshipper of Warmaster Okawaru
  3820 | D:5      | Demolished by an ogre

Illustrated notes

Levels and vault maps discovered:
D:1:      eino_arrival_druids_welcome, layout_basic,
          shapermc_ecumenical_altar_gd, chequers_avenue
D:2:      layout_loops_ring, uniq_crazy_yiuf_cottage
D:3:      layout_rooms, serial_shops, shop
D:4:      layout_cave_pools, mainiacjoe_overflow_boulevard,
          mainiacjoe_overflow_catwalk, minmay_temple_entry_stoned_glass,
          eino_tiny_chamber, serial_bayou_crossing
D:5:      layout_layer_cave, portal_sewer_entry_f
Temple:   bh_familiar_temple

Skill      XL: |  1  2  3  4  5  6 |
---------------+-------------------+-----
Maces & Flails | 3 4 5 |  5.0
Stealth        | 6 |  6.7
Fighting       | 4 |  4.7
Dodging        | |  1.6

Action                   |  1- 3 |  4- 6 || total
-------------------------+-------+-------++-------
Melee: Mace              |    40 |    14 ||    54
       Flail             |       |   210 ||   210
       Punch             |       |     3 ||     3
 Fire: Sling             |       |     5 ||     5
Throw: Boomerang         |       |     7 ||     7
       Dart              |       |     3 ||     3
  Use: Scroll            |       |    11 ||    11
       Potion            |       |     2 ||     2
 Stab: Sleeping          |     2 |     8 ||    10
Armor: Leather armour    |    17 |     4 ||    21
       Ring mail         |       |   127 ||   127
Dodge: Dodged            |    28 |   113 ||   141

Table legend: (Time is in decaauts)
 A = Elapsed time spent in this place.
 B = Non-inter-level travel time spent in this place.
 C = Inter-level travel time spent in this place.
 D = Time resting spent in this place.
 E = Time spent auto-exploring this place.
 F = Levels seen in this place.
 G = Mean time per level.
                   A        B        C        D        E       F      G
               +--------+--------+--------+--------+--------+-----+--------+
         Total |   3864 |   3723 |    141 |    609 |   2219 |   6 |  644.0 |
       Dungeon |   3675 |   3555 |    120 |    609 |   2056 |   5 |  735.0 |
        Temple |    188 |    167 |     21 |      0 |    163 |   1 |  188.0 |
               +--------+--------+--------+--------+--------+-----+--------+

Top non-repeatable levels by time:
     D:2: 1206 daAuts
     D:1: 857 daAuts
     D:4: 795 daAuts
     D:3: 734 daAuts
  Temple: 188 daAuts
     D:5: 81 daAuts
